 Dungeon Crawl Stone Soup version 0.30-a0-1074-g5db6f66fbb (webtiles) character file.

Game seed: 60740846839082431

86 oldriver the Chopper (level 4, 0/35 HPs)
             Began as a Demonspawn Gladiator on Apr 14, 2023.
             Succumbed to an adder's poison
             ... on level 3 of the Dungeon.
             The game lasted 00:03:10 (1018 turns).

oldriver the Chopper (Demonspawn Gladiator)         Turns: 1018, Time: 00:03:10

Health: 0/35       AC:  7    Str: 16    XL:     4   Next: 26%
Magic:  4/4        EV: 11    Int:  9    God:
Gold:   67         SH:  4    Dex: 15    Spells: 3/3 levels left

rFire   + . .      SeeInvis .    h - +0 hand axe
rCold   . . .      Faith    .    (no shield)
rNeg    . . .      Spirit   .    o - +1 ring mail {rPois}
rPois   +          Reflect  .    c - +0 helmet
rElec   .          Rampage  .    (no cloak)
rCorr   .                        (no gloves)
Will    .....                    (no boots)
Stlth   +                        (no amulet)
HPRegen 0.25/turn                i - ring of protection from fire
MPRegen 0.09/turn                (no ring)

@: lethally poisoned (0 -> -3)
A: large bone plates 1
a: no special abilities


You were on level 3 of the Dungeon.
You visited 1 branch of the dungeon, and saw 4 of its levels.

You collected 67 gold pieces.

Inventory:

Hand Weapons
 a - a +0 war axe
 h - a +0 hand axe (weapon)
Missiles
 d - 3 throwing nets (quivered)
 e - a javelin
Armour
 c - a +0 helmet (worn)
 o - a +1 ring mail of poison resistance (worn)
Jewellery
 i - a ring of protection from fire (left hand)
Scrolls
 g - a scroll of immolation {unknown}
 l - a scroll of enchant armour {unknown}
 n - a scroll of identify {unknown}
Potions
 b - a potion of degeneration {unknown}
 f - 2 potions of mutation {unknown}
 j - a potion of haste {unknown}
 k - a potion of magic {unknown}
 m - a potion of heal wounds {unknown}
 p - a potion of attraction {unknown}


   Skills:
 + Level 3.0 Fighting
 * Level 4.1 Axes
 - Level 1.7 Throwing
 - Level 2.6 Dodging


You had 3 spell levels left.
You didn't know any spells.
Your spell library was empty.

Dungeon Overview and Level Annotations

Branches:
Dungeon (4/15)
 Temple: D:4-7

Altars:


Innate Abilities, Weirdness & Mutations

You are partially covered in large bone plates. (SH +4)


Message History

* * * LOW HITPOINT WARNING * * *
The orc hits you with a +0 hand axe.
* * * LOW HITPOINT WARNING * * *
You hit the orc priest.
The orc priest is almost dead.
You hit the orc.
You kill the orc!
You barely miss the orc priest.
The orc priest is almost dead.
You hit the orc but do no damage.
The orc priest hits you but does no damage.
The orc misses you.
You slash the orc priest!
You kill the orc priest!
You hit the orc.
Your Fighting skill increases to level 3!
Your Axes skill increases to level 4!
You have reached level 4!
You feel agile.
You barely miss the orc.
The orc is severely wounded.
The orc hits you but does no damage. The adder bites you.
* * * LOW HITPOINT WARNING * * *
Unknown command.
You completely miss the adder. You hit the orc.
You kill the orc!
The adder barely misses you.
You closely miss the adder. The adder misses you.
You barely miss the adder. The adder bites you.
* * * LOW HITPOINT WARNING * * *
You are lethally poisoned!
The adder poisons you! The adder bites you but does no damage.
Okay, then.
You aren't carrying any items that you can evoke.
You miss the adder. You hit the orc but do no damage.
* * * LOW HITPOINT WARNING * * *
You feel sick. The adder misses you. The orc barely misses you.
Unknown command.
You barely miss the adder. You hit the orc but do no damage.
You die...

..)#............#
...##'###'#####.# ...
...##'###.# ####...
#......##.#####........<
#......##...............
#...........#####.....
#########.#.# #.....
#.#.###o#S# ###.....@)#
#####.### #.# ... #####
# #


You could see an adder and an orc.

Vanquished Creatures
  An orc priest (D:3)
  An adder (D:4)
  A worm (D:3)
  A dart slug (D:1)
  2 orcs (D:3)
  4 ball pythons
  2 endoplasms
  2 giant cockroaches
  4 goblins
  A hobgoblin (D:1)
  3 jackals (D:1)
  2 kobolds
  6 quokkas
  4 bats (D:1)
  A frilled lizard (D:3)
  2 rats (D:1)
37 creatures vanquished.

Notes
Turn   | Place    | Note
-------+----------+-------------------------------------------
     0 | D:1      | oldriver the Demonspawn Gladiator began the quest for the
                  | Orb.
     0 | D:1      | Reached XP level 1. HP: 16/16 MP: 1/1
    61 | D:1      | Reached skill level 3 in Axes
    95 | D:1      | Gained mutation: You are partially covered in large bone
                  | plates. (SH +4) [demonic ancestry]
    95 | D:1      | Reached XP level 2. HP: 3/22 MP: 2/2
   515 | D:1      | Reached XP level 3. HP: 28/28 MP: 3/3
   744 | D:2      | You fall into a shaft and drop 2 floors!
  1013 | D:3      | Reached skill level 4 in Axes
  1013 | D:3      | Reached XP level 4. HP: 5/35 MP: 4/4
  1017 | D:3      | HP: 1/35 [poisoned by an adder]
  1018 | D:3      | Succumbed to an adder's poison

Illustrated notes

Levels and vault maps discovered:
D:1:      scummos_arrival_checkerplants, layout_rooms
D:2:      cheibrodos_helix_gallery, layout_basic, shapermc_ecumenical_altar_gd
D:3:      layout_basic, eino_tiny_chamber, kennysheep_nondescript, st_stairs_8,
          grunt_ministairs_15
D:4:      layout_basic, uniq_robin, uniq_eustachio

Skill      XL: |  1  2  3 |
---------------+----------+-----
Axes           | 3 4 |  4.1
Fighting       | 3 |  3.0
Throwing       | |  1.7
Dodging        | |  2.6

Action                     |  1- 3 |  4- 6 || total
---------------------------+-------+-------++-------
  Melee: War axe           |    68 |       ||    68
         Hand axe          |    50 |     6 ||    56
  Throw: Javelin           |     1 |       ||     1
   Stab: Sleeping          |     1 |       ||     1
 Armour: Leather armour    |    40 |       ||    40
         Ring mail         |     4 |     2 ||     6
  Dodge: Dodged            |   113 |     4 ||   117
  Block: Other             |    11 |       ||    11

Table legend: (Time is in decaauts)
 A = Elapsed time spent in this place.
 B = Non-inter-level travel time spent in this place.
 C = Inter-level travel time spent in this place.
 D = Time resting spent in this place.
 E = Time spent auto-exploring this place.
 F = Levels seen in this place.
 G = Mean time per level.
                   A        B        C        D        E       F      G
               +--------+--------+--------+--------+--------+-----+--------+
         Total |   1046 |   1031 |     15 |     32 |    642 |   4 |  261.5 |
       Dungeon |   1046 |   1031 |     15 |     32 |    642 |   4 |  261.5 |
               +--------+--------+--------+--------+--------+-----+--------+

Top non-repeatable levels by time:
     D:1: 708 daAuts
     D:3: 226 daAuts
     D:2: 60 daAuts
     D:4: 50 daAuts
